 Dungeon Crawl Stone Soup version 0.28.0-53-g5a82cb258f (webtiles) character file.

Game seed: 2482264682435788746

25 ILmort the Skirmisher (level 2, -2/28 HPs)
             Began as a Minotaur Fighter on Aug 9, 2022.
             Slain by a gnoll
             ... wielding a +0 flail
              (6 damage)
             ... on level 1 of the Dungeon.
             The game lasted 00:01:40 (1037 turns).

ILmort the Skirmisher (Minotaur Fighter)            Turns: 1037, Time: 00:01:40

Health: -2/28      AC:  6    Str: 20    XL:     2   Next: 86%
Magic:  1/1        EV:  9    Int:  5    God:
Gold:   39         SH:  4    Dex:  9    Spells: 1/1 levels left

rFire   . . .      SeeInvis .   a - +0 flail
rCold   . . .      Faith    .   c - +0 buckler
rNeg    . . .      Spirit   .   b - +0 scale mail
rPois   .          Reflect  .   (helmet restricted)
rElec   .          Harm     .   (no cloak)
rCorr   .          Rampage  .   (no gloves)
Will    .....                   (no boots)
Stlth   ..........              (no amulet)
HPRegen 0.09/turn               (no ring)
MPRegen 0.07/turn               (no ring)

@: no status effects
A: horns 2, retaliatory headbutt
a: no special abilities


You were on level 1 of the Dungeon.
You visited 1 branch of the dungeon, and saw 2 of its levels.

You collected 39 gold pieces.

Inventory:

Hand Weapons
 a - a +0 flail (weapon)
Missiles
 j - a throwing net (quivered)
Armour
 b - a +0 scale mail (worn)
 c - a +0 buckler (worn)
Scrolls
 e - a scroll of immolation {unknown}
 f - a scroll of silence {unknown}
 g - a scroll of vulnerability {unknown}
Potions
 d - a potion of might
 h - 2 potions of curing {unknown}
 i - 2 potions of attraction {unknown}


   Skills:
 + Level 4.3 Fighting
 + Level 3.4 Maces & Flails
 - Level 3.6 Armour
 - Level 3.6 Shields


You had one spell level left.
You didn't know any spells.
Your spell library was empty.

Dungeon Overview and Level Annotations

Branches:
Dungeon (2/15)

Altars:


Innate Abilities, Weirdness & Mutations

You have a pair of horns on your head.
You reflexively headbutt those who attack you in melee.


Message History

There is a stone staircase leading up here.
A gnoll and a goblin come into view.
The gnoll shouts!
The goblin shouts!
You hear a shout!
A gnoll comes into view. It is wielding a +0 whip.
You closely miss the gnoll. The gnoll closely misses you.
You hit the gnoll.
The gnoll is lightly wounded.
The gnoll closely misses you. The gnoll hits you with a +0 flail!
You barely miss the gnoll.
The gnoll is lightly wounded.
A gnoll comes into view. It is wielding a +0 flail.
The gnoll hits you with a +0 flail!
You hit the gnoll but do no damage. Your headbutt misses the gnoll.
The gnoll is lightly wounded.
The gnoll closely misses you.
You hit the gnoll but do no damage.
The gnoll is lightly wounded.
You block the gnoll's attack.
A gnoll comes into view. It is wielding a +0 whip.
The gnoll shouts!
You hit the gnoll but do no damage.
You hear a shout!
The gnoll hits you with a +0 flail!
* * * LOW HITPOINT WARNING * * *
The gnoll barely misses you.
You closely miss the gnoll. You block the gnoll's attack.
There is a stone staircase leading up here.
The gnoll barely misses you. You furiously retaliate!
You headbutt the gnoll!
You climb upwards.
There is a stone staircase leading down here.
You hit the gnoll but do no damage.
The gnoll is heavily wounded.
The gnoll barely misses you.
You barely miss the gnoll.
The gnoll is heavily wounded.
The gnoll barely misses you.
You hit the gnoll.
The gnoll is severely wounded.
The gnoll hits you with a +0 flail.
You die...

#..........##.# #.###########.#
#.##.......##.#####
#.##.#####.##.#...# #.##.#
#.##.#...# #.##.#
##.##.#...#########
#.##.####...#.#............
#######.#...........##.#....#....
#...............@................
#.#####...######g#####.##########
#.# #...# ###'## #.# #.# #...#
#....# #.# #.# #...# #....# #.#
#.# #...# #....####'### #.# #...#
#....#......# #.# #..)#
#....#......# #.# #...#
#....#......#


You could see a gnoll.

Vanquished Creatures
  An adder (D:2)
  A dart slug (D:2)
  2 bats
  An endoplasm (D:1)
  A hobgoblin (D:2)
  4 jackals (D:1)
  A frilled lizard (D:1)
  A goblin (D:2)
  A kobold (D:1)
  A rat (D:1)
14 creatures vanquished.

Notes
Turn   | Place    | Note
-------+----------+-------------------------------------------
     0 | D:1      | ILmort the Minotaur Fighter began the quest for the Orb.
     0 | D:1      | Reached XP level 1. HP: 19/19 MP: 0/0
   336 | D:1      | Reached skill level 4 in Fighting
   336 | D:1      | Reached XP level 2. HP: 20/27 MP: 1/1
  1037 | D:1      | Slain by a gnoll

Illustrated notes

Levels and vault maps discovered:
D:1:      mainiacjoe_arrival_reflecting_pool, layout_basic
D:2:      layout_rooms, shapermc_ecumenical_altar_petra, minmay_misc_feat_tower

Skill      XL: |  1  2 |
---------------+-------+-----
Fighting       | 4 |  4.3
Maces & Flails | 3 |  3.4
Armour         | |  3.6
Shields        | |  3.6

Action                   || total
-------------------------++-------
Melee: Flail             ||    41
       Headbutt          ||     3
Armor: Scale mail        ||    16
Dodge: Dodged            ||    24
Block: Buckler           ||     4
